 Dungeon Crawl Stone Soup version 0.18.1-48-g4cf74bf (webtiles) character file.

3508 nikopol the Fighter (level 9, -4/83 HPs)
             Began as a Minotaur Berserker on Aug 22, 2016.
             Was a High Priest of Trog.
             Slain by Erica
             ... wielding a +3 scimitar of flaming
              (10 damage)
             ... on level 9 of the Dungeon.
             The game lasted 00:16:54 (8515 turns).

nikopol the Fighter (Minotaur Berserker)            Turns: 8515, Time: 00:16:55

Health: -4/83      AC:  9    Str: 22    XL:     9   Next: 81%
Magic:  8/8        EV: 14    Int:  4    God:    Trog [*****.]
Gold:   451        SH:  0    Dex: 13    Spells: 0 memorised, 8 levels left

rFire  . . .     SeeInvis .     a - +0 war axe
rCold  . . .     Gourm    +     g - +1 scale mail
rNeg   . . .     Faith    .     (no shield)
rPois  .         Spirit   .     (helmet restricted)
rElec  .         Dismiss  .     (no cloak)
rCorr  .         Reflect  .     (no gloves)
SustAt .         Harm     .     (no boots)
MR     .....                    p - amulet of the gourmand
Stlth  ..........               (no ring)
                                (no ring)

@: slowed, very slow, not resistant to hostile enchantments, extremely
unstealthy
A: retaliatory headbutt, horns 2
a: Berserk, Trog's Hand, Brothers in Arms, Burn Spellbooks, Renounce Religion


You were on level 9 of the Dungeon.
You worshipped Trog.
Trog was extremely pleased with you.
You were very full.

You visited 1 branch of the dungeon, and saw 9 of its levels.
You also visited: Sewer.

You collected 451 gold pieces.

Inventory:

Hand Weapons
 a - a +0 war axe (weapon)
 v - a +0 hand axe
 z - a +0 shortbow
Missiles
 i - 150 arrows (quivered)
Armour
 b - a +0 animal skin
 e - a +0 chain mail
 g - a +1 scale mail (worn)
Jewellery
 p - an amulet of the gourmand (around neck)
Wands
 J - a wand of disintegration (11/24)
Scrolls
 h - 5 scrolls of remove curse
 j - 3 scrolls of amnesia
 k - 2 scrolls of enchant armour
 l - 6 scrolls of identify
 n - a scroll of recharging
 o - 4 scrolls of fear
 r - a scroll of magic mapping
 t - 2 scrolls of teleportation {unknown}
 y - a scroll of blinking {unknown}
 G - a scroll of noise {unknown}
 H - a scroll of vulnerability {unknown}
 N - a scroll of immolation {unknown}
Potions
 d - 2 potions of haste {unknown}
 m - a potion of cure mutation {unknown}
 s - 4 potions of curing
 w - a potion of degeneration {unknown}
 x - 2 potions of invisibility {unknown}
 A - 3 potions of flight {unknown}
 B - a potion of magic {unknown}
 D - a potion of agility {unknown}
 E - 3 potions of cancellation {unknown}
 F - a potion of heal wounds {unknown}
 I - 2 potions of resistance {unknown}
 K - 3 potions of berserk rage {unknown}
Comestibles
 c - 3 bread rations
 f - 6 meat rations
 q - 4 beef jerkies
 u - a royal jelly
 C - 2 slices of pizza
 M - 11 fruits


   Skills:
 + Level 9.1 Fighting
 * Level 9.1 Axes
 * Level 2.1 Bows
 + Level 8.7 Armour
 + Level 7.9 Dodging


You had 8 spell levels left.
You didn't know any spells.

Dungeon Overview and Level Annotations

Branches:
Dungeon (9/15)             Temple (0/1) D:4
   Lair: D:8-11         Orc: D:9-12

Altars:
Ashenzari
Elyvilon
Gozag
Kikubaaqudgha
Pakellas
Qazlal
Ru
Vehumet
Yredelemnul

Shops:
D:4 [=}   D:8 *

Annotations:
D:9 Erica


Innate Abilities, Weirdness & Mutations

You reflexively headbutt those who attack you in melee.
You have a pair of horns on your head.


Message History

Erica casts a spell at you.
You are confused.
You barely miss Erica. Your headbutt misses Erica.
Erica is moderately wounded.
Erica hits you with a scimitar of flaming.
Erica burns you. Erica closely misses you.
Erica gestures wildly while chanting.
Erica flickers and vanishes!
Deactivating autopickup; reactivate with Ctrl-A.
Something hits you. Something burns you.
You miss something. You headbutt something. Something hits you!
Something burns you. Something hits you! Something burns you.
Your scale mail prevents you from hitting something.
You feel less confused.
You hear some strange, mumbled words.
You feel as though you will be slow longer.
You hit something. You headbutt something. Something hits you!!
* * * LOW HITPOINT WARNING * * *
Something burns you!
You die...

.... #. #.
...#### #.##.
.......
#((..#####.......
...(.............
................#
.................
........{........
.......@.........
.................
#################


There were no monsters in sight!

Vanquished Creatures
  2 two-headed ogres (D:8)
  Duvessa (D:7)
  An orc warrior (D:7)
  2 ice beasts (D:8)
  A sky beast (D:6)
  A black bear (D:3)
  A phantom (D:7)
  7 ogres
  A centaur (D:8)
  2 big kobolds
  3 giant frogs
  Dowan (D:7)
  2 scorpions
  2 howler monkeys (D:8)
  4 crimson imps
  3 giant frog zombies
  A centaur zombie (D:7)
  2 hounds
  A quasit (D:8)
  2 orc priests
  A centaur skeleton (D:4)
  2 giant frog skeletons (D:4)
  Jessica (D:2)
  2 iguanas
  6 orc wizards
  6 worker ants
  3 hound zombies
  A hound skeleton (D:4)
  A worker ant zombie (D:7)
  Robin (D:4)
  A howler monkey skeleton (D:8)
  4 river rats (Sewer)
  9 adders
  A shadow imp (D:8)
  3 oozes
  5 worms
  2 dart slugs
  5 giant geckos
  18 orcs
  6 giant cockroaches
  15 goblins
  12 hobgoblins
  11 jackals
  15 kobolds
  3 quokkas
  8 ball pythons
  10 bats
  12 giant newts
  A jackal zombie (D:7)
  18 rats
223 creatures vanquished.

Notes
Turn   | Place    | Note
--------------------------------------------------------------
     0 | D:1      | nikopol the Minotaur Berserker began the quest for the Orb.
     0 | D:1      | Reached XP level 1. HP: 19/19 MP: 0/0
   254 | D:1      | Reached XP level 2. HP: 25/27 MP: 1/1
   656 | D:1      | Reached ** piety under Trog
   909 | D:2      | Reached XP level 3. HP: 33/33 MP: 2/2
  1276 | D:2      | Found a sacrificial altar of Ru.
  1306 | D:2      | Noticed Jessica
  1309 | D:2      | Killed Jessica
  1309 | D:2      | Reached XP level 4. HP: 40/40 MP: 3/3
  1378 | D:2      | Found an oddly glowing altar of Pakellas.
  1881 | D:3      | Noticed a black bear
  1886 | D:3      | Killed a black bear
  1886 | D:3      | Reached XP level 5. HP: 41/47 MP: 4/4
  1890 | D:3      | Reached *** piety under Trog
  2205 | D:3      | Reached skill level 5 in Fighting
  2214 | D:3      | Reached skill level 5 in Axes
  2214 | D:3      | Reached XP level 6. HP: 20/56 MP: 5/5
  2511 | D:3      | Found an ancient bone altar of Kikubaaqudgha.
  2518 | D:3      | Found a stormy altar of Qazlal.
  2520 | D:3      | Found a basalt altar of Yredelemnul.
  2520 | D:3      | Found a radiant altar of Vehumet.
  2520 | D:3      | Found a white marble altar of Elyvilon.
  2521 | D:3      | Found an opulent altar of Gozag.
  2525 | D:3      | Found a shattered altar of Ashenzari.
  2626 | D:4      | Noticed Robin
  2632 | D:4      | Received a gift from Trog
  2635 | D:4      | Killed Robin
  2791 | D:4      | Found Qumeij's Jewellery Boutique.
  2808 | D:4      | Found a staircase to the Ecumenical Temple.
  3109 | D:4      | Reached skill level 5 in Armour
  3265 | D:4      | Reached XP level 7. HP: 61/61 MP: 6/6
  3277 | D:4      | Found Moekisil's Gadget Boutique.
  3589 | D:4      | Found Tyurait's Armour Boutique.
  3874 | D:4      | Reached skill level 5 in Dodging
  4249 | D:5      | Entered Level 5 of the Dungeon
  4338 | D:5      | Found a glowing drain.
  4375 | Sewer    | Entered a sewer
  4442 | Sewer    | Reached **** piety under Trog
  4538 | Sewer    | Received a gift from Trog
  4888 | D:5      | Reached XP level 8. HP: 47/71 MP: 7/7
  6469 | D:7      | Reached XP level 9. HP: 69/81 MP: 8/8
  6903 | D:7      | Noticed Duvessa
  6903 | D:7      | Noticed Dowan
  6910 | D:7      | Killed Duvessa
  6911 | D:7      | Killed Dowan
  7444 | D:8      | Reached ***** piety under Trog
  7677 | D:8      | Reached skill level 1 in Bows
  7735 | D:8      | Received a gift from Trog
  7770 | D:8      | Found Hyroaz's Assorted Antiques.
  8221 | D:9      | Noticed Erica
  8515 | D:9      | Slain by Erica

Skill      XL: |  1  2  3  4  5  6  7  8  9 |
---------------+----------------------------+-----
Armour         | 3 4 5 6 7 8 |  8.7
Axes           | 4 5 6 7 9 |  9.1
Fighting       | 4 5 6 8 9 |  9.1
Dodging        | 3 4 5 6 7 |  7.9
Bows           | 2 |  2.1

Action                   |  1- 3 |  4- 6 |  7- 9 || total
-------------------------+-------+-------+-------++-------
Melee: Hand axe          |    73 |    33 |       ||   106
       Headbutt          |     7 |    20 |    73 ||   100
       War axe           |       |    59 |   343 ||   402
 Fire: Shortbow          |       |       |    38 ||    38
Invok: Berserk           |       |     2 |     2 ||     4
  Use: Scroll            |       |       |     8 ||     8
       Potion            |       |       |     1 ||     1
  Eat: Chunk             |     1 |     8 |    32 ||    41
Armor: Animal skin       |     3 |       |       ||     3
       Scale mail        |    19 |    37 |   132 ||   188
Dodge: Dodged            |    35 |    64 |   208 ||   307
